General information
			
			
        
        - name: BNet
 
        - type: Ladder team game (AT/RT)
 
        - host: Battle.net
 
        - saver: TIMG4STRok
 
        
map: Mur'gulOasis 
        - players: 8
 
        - length: 04:38
 
        - speed: Fast
 - version: 1.22 W3XP
 - replay type:  

 
» download(28 KB)
Players
        team 1 (winner) 
              
              
tunga (
orange | 86 APM | 398 actions | 04:38)
              
 2 Pandaren Brewmaster 
 1 Breath of Fire
 1 Drunken Haze
 
                » actions 
                
                | Assign group hotkey | 11 |  | 
| Build / train | 32 |  | 
| ESC pressed | 3 |  | 
| Enter build submenu | 6 |  | 
| Enter hero's abilities submenu | 2 |  | 
| Right click | 196 |  | 
| Select / deselect | 41 |  | 
| Select group hotkey | 91 |  | 
| Use ability | 16 |  | 
                398 total
 » units 
                » buildings
                
                | Moon Well | 3 |  | 
| Ancient of War | 1 |  | 
| Altar of Elders | 1 |  | 
| Tree of Ages | 4 |  | 
| Ancient of Wonders | 1 |  | 
                10 total
 » build order
                00:18 Moon Well
00:31 Ancient of War
01:11 Moon Well
01:15 Altar of Elders
02:45 Moon Well
03:40 Tree of Ages
03:40 Tree of Ages
03:40 Tree of Ages
04:33 Ancient of Wonders
 
               
              
              
bigyellowtwinki (
pink | 56 APM | 261 actions | 04:38)
              
 1 Death Knight 
 1 Death Coil
 
                » actions 
                
                | Assign group hotkey | 11 |  | 
| Build / train | 16 |  | 
| Enter build submenu | 8 |  | 
| Enter hero's abilities submenu | 1 |  | 
| Right click | 86 |  | 
| Select / deselect | 63 |  | 
| Select group hotkey | 61 |  | 
| Use ability | 15 |  | 
                261 total
 » units 
                
                | Acolyte | 2 |  | 
| Ghoul | 4 |  | 
| Crypt Fiend | 3 |  | 
                9 total
 » buildings
                
                | Graveyard | 1 |  | 
| Crypt | 1 |  | 
| Altar of Darkness | 1 |  | 
| Ziggurat | 4 |  | 
| Tomb of Relics | 1 |  | 
| Halls of the Dead | 4 |  | 
                12 total
 » build order
                00:20 Graveyard
00:22 Crypt
00:46 Altar of Darkness
01:01 Ziggurat
01:17 Tomb of Relics
02:10 Ziggurat
02:14 Ziggurat
03:31 Ziggurat
03:53 Halls of the Dead
03:54 Halls of the Dead
03:54 Halls of the Dead
» items
                 
               
              
              
popo.got.me (
yellow | 31 APM | 143 actions | 04:38)
              
 1 Blademaster 
 1 Wind Walk
 
                » actions 
                
                | Assign group hotkey | 2 |  | 
| Basic commands | 7 |  | 
| Build / train | 16 |  | 
| Enter build submenu | 7 |  | 
| Enter hero's abilities submenu | 2 |  | 
| Right click | 28 |  | 
| Select / deselect | 44 |  | 
| Select group hotkey | 29 |  | 
| Use ability | 8 |  | 
                143 total
 » units 
                » upgrades
                » buildings
                
                | Altar of Storms | 1 |  | 
| Orc Burrow | 3 |  | 
| Barracks | 1 |  | 
| War Mill | 1 |  | 
| Voodoo Lounge | 1 |  | 
                7 total
 » build order
                00:06 Altar of Storms
00:09 Orc Burrow
00:29 Barracks
01:25 Orc Burrow
02:13 War Mill
03:26 Voodoo Lounge
03:50 Orc Burrow
 
               
              
              
» 
vorlon28 (
red | 24 APM | 112 actions | 04:38)
              
 1 Blademaster 
 1 Wind Walk
 
                » actions 
                
                | Build / train | 13 |  | 
| Enter build submenu | 5 |  | 
| Enter hero's abilities submenu | 1 |  | 
| Right click | 54 |  | 
| Select / deselect | 29 |  | 
| Use ability | 10 |  | 
                112 total
 » units 
                » buildings
                
                | Altar of Storms | 1 |  | 
| Orc Burrow | 2 |  | 
| Voodoo Lounge | 1 |  | 
| Stronghold | 1 |  | 
| War Mill | 1 |  | 
                6 total
 » build order
                00:06 Altar of Storms
00:08 Orc Burrow
00:30 Voodoo Lounge
02:21 Stronghold
04:16 War Mill
04:23 Orc Burrow
» items
                
                | Healing Salve | 1 |  | 
| Lesser Clarity Potion | 1 |  | 
                2 total
  
               team 2 (loser) 
              
              
66Dragon6 (
purple | 87 APM | 402 actions | 04:38)
              
 1 Death Knight 
 1 Death Coil
 
                » actions 
                
                | Assign group hotkey | 4 |  | 
| Basic commands | 26 |  | 
| Build / train | 12 |  | 
| Enter build submenu | 8 |  | 
| Enter hero's abilities submenu | 1 |  | 
| Right click | 126 |  | 
| Select / deselect | 46 |  | 
| Select group hotkey | 160 |  | 
| Use ability | 19 |  | 
                402 total
 » units 
                » buildings
                
                | Graveyard | 1 |  | 
| Ziggurat | 2 |  | 
| Crypt | 1 |  | 
| Altar of Darkness | 2 |  | 
| Tomb of Relics | 1 |  | 
                7 total
 » build order
                00:09 Graveyard
00:11 Ziggurat
00:47 Crypt
01:08 Altar of Darkness
01:11 Altar of Darkness
01:30 Ziggurat
01:36 Tomb of Relics
» items
                 
               
              
              
engel00 (
green | 39 APM | 125 actions | 03:11)
              
                » actions 
                
                | Assign group hotkey | 2 |  | 
| Build / train | 8 |  | 
| Enter build submenu | 7 |  | 
| Right click | 68 |  | 
| Select / deselect | 19 |  | 
| Select group hotkey | 15 |  | 
| Use ability | 6 |  | 
                125 total
 » units 
                
                | Acolyte | 2 |  | 
| Ghoul | 4 |  | 
| Crypt Fiend | 1 |  | 
                7 total
 » buildings
                
                | Crypt | 1 |  | 
| Graveyard | 1 |  | 
| Altar of Darkness | 1 |  | 
| Ziggurat | 2 |  | 
| Tomb of Relics | 1 |  | 
                6 total
 » build order
                00:19 Crypt
00:22 Graveyard
00:42 Altar of Darkness
00:57 Ziggurat
01:12 Tomb of Relics
01:44 Ziggurat
 
               
              
              
» 
TIMG4STRok (
teal | 53 APM | 248 actions | 04:38)
              
 1 Archmage 
 1 Blizzard
 1 Death Knight 
 1 Death Pact
 
                » actions 
                
                | Assign group hotkey | 2 |  | 
| Basic commands | 24 |  | 
| Build / train | 13 |  | 
| ESC pressed | 1 |  | 
| Enter build submenu | 4 |  | 
| Enter hero's abilities submenu | 2 |  | 
| Right click | 86 |  | 
| Select / deselect | 65 |  | 
| Select group hotkey | 8 |  | 
| Use ability | 43 |  | 
                248 total
 » units 
                » buildings
                
                | Altar of Kings | 1 |  | 
| Barracks | 1 |  | 
| Farm | 2 |  | 
                4 total
 » build order
                00:07 Altar of Kings
00:10 Barracks
00:14 Farm
01:21 Farm
 
               
              
              
Andrescrow (
blue | 48 APM | 152 actions | 03:09)
              
 1 Priestess of the Moon 
 1 Trueshot Aura
 
                » actions 
                
                | Assign group hotkey | 2 |  | 
| Build / train | 19 |  | 
| Enter build submenu | 8 |  | 
| Enter hero's abilities submenu | 1 |  | 
| Right click | 44 |  | 
| Select / deselect | 61 |  | 
| Select group hotkey | 2 |  | 
| Use ability | 15 |  | 
                152 total
 » units 
                » buildings
                
                | Altar of Elders | 1 |  | 
| Moon Well | 3 |  | 
| Ancient of War | 1 |  | 
| Ancient of Wonders | 1 |  | 
| Hunter's Hall | 1 |  | 
                7 total
 » build order
                00:06 Altar of Elders
00:09 Moon Well
00:11 Moon Well
00:55 Ancient of War
01:37 Ancient of Wonders
02:01 Hunter's Hall
02:20 Moon Well
» items
                 
                Chat log
          (00:22 / All) 66Dragon6: visit www.highper.ch for this replay
(00:32 / Allies) Andrescrow: ch = chile?
(00:35 / All) bigyellowtwinki: hi mom
(00:36 / Allies) 66Dragon6: yes
(00:41 / Allies) 66Dragon6: they are filthy mexicans
(00:48 / Allies) Andrescrow: huh?
(00:51 / Allies) 66Dragon6: what?
(00:56 / All) bigyellowtwinki: don't watch pink when you see this
(00:59 / Allies) TIMG4STRok: is actually switzerland but enjoy your stab
(01:14 / All) bigyellowtwinki: yo, dis is a shoutout to all ma peeps on wcr
(01:14 / Allies) TIMG4STRok: en-en-en-en-j-j-joy your st-st-s-t-st-ab
(01:21 / Allies) 66Dragon6: at least make it funny
(01:21 / All) tunga: lolz
(01:26 / Allies) 66Dragon6: like mass towers and solo hero
(01:32 / Allies) TIMG4STRok: nah sorry not going to get creative on a socially inept retard
(01:50 / Allies) 66Dragon6: [I]PLEASE?[/I]
(01:57 / Allies) TIMG4STRok: nobody likes you you annoying faggot
(02:02 / Allies) 66Dragon6: :(
(02:10 / Allies) 66Dragon6: but I thought
(02:17 / Allies) 66Dragon6: thats what clan towa was about
(02:27 / Allies) 66Dragon6: doing retarded shity funny
(02:30 / Allies) Andrescrow: ?
(02:40 / Allies) 66Dragon6: no?
(02:42 / Allies) engel00: nice
(02:46 / Allies) engel00: niiiiiiiiiice
(03:01 / All) tunga: =/
(03:13 / All) bigyellowtwinki: it's his gosu distraction
(03:45 / Allies) 66Dragon6: i wanted it to be funny
(03:46 / Allies) 66Dragon6: how rude
(04:19 / All) tunga: worst game evera?
(04:23 / All) 66Dragon6: indeed
(04:29 / All) 66Dragon6: teal didnt do anything interesting
(04:30 / All) tunga: =/
(04:36 / All) 66Dragon6: just some boring noob
(04:37 / All) tunga: except bs u gaiz
(04:37 / All) TIMG4STRok: http://highper.ch for all pro clan towa replays